 Dungeon Crawl Stone Soup version 0.26-a0-812-g31a745ddcd (webtiles) character file.

Game seed: 16925905858757827318

51 Dracia the Conjurer (level 3, -1/39 HPs)
             Began as a Draconian Conjurer on Dec 9, 2020.
             Slain by Sigmund
             ... wielding a +0 scythe
              (3 damage)
             ... on level 2 of the Dungeon.
             The game lasted 00:01:42 (933 turns).

Dracia the Conjurer (Draconian Conjurer)             Turns: 933, Time: 00:01:43

Health: -1/39      AC:  6    Str:  9    XL:     3   Next: 58%
Magic:  2/7        EV: 12    Int: 19    God:
Gold:   106        SH:  0    Dex:  9    Spells: 2/8 levels left

rFire    . . .     SeeInvis .   e - +0 spear (venom)
rCold    . . .     Faith    .   (no shield)
rNeg     . . .     Spirit   .   (armour unavailable)
rPois    .         Reflect  .   (helmet restricted)
rElec    .         Harm     .   (no cloak)
rCorr    .         Rampage  .   (no gloves)
MR       .....                  f - +0 pair of boots (curse)
Stlth    ..........             (no amulet)
HPRegen  0.13/turn              (no ring)
MPRegen  0.10/turn              (no ring)

@: berserking, very quick
A: unfitting armour, claws 1, cold-blooded, MP-powered wands, AC +5
a: no special abilities


You were on level 2 of the Dungeon.
You visited 1 branch of the dungeon, and saw 2 of its levels.

You collected 106 gold pieces.


Innate Abilities, Weirdness & Mutations

Your plain brown scales are hard. (AC +5)
You cannot fit into any form of body armour.
You are cold-blooded and may be slowed by cold attacks.
You have sharp fingernails.
You expend magic power (3 MP) to strengthen your wands.


   Skills:
 - Level 1.7 Dodging
 - Level 1.7 Stealth
 + Level 3.0 Spellcasting
 + Level 4.7 Conjurations


You had 2 spell levels left.
You knew the following spells:

 Your Spells              Type           Power        Failure   Level
d - Dazzling Flash        Conj/Hex       ##....       17%         3
s - Searing Ray           Conj           ###...       3%          2
z - Magic Dart            Conj           ###.         2%          1

Your spell library contained the following spells:

 Spells                   Type           Power        Failure   Level
 Fulminant Prism          Conj/Hex       ##........   50%         4
 Iskenderun's Mystic Bla  Conj/Tloc      ##......     50%         4

Inventory:

Hand Weapons
 b - a +1 dagger of draining
 e - a +0 spear of venom (weapon)
Armour
 f - a cursed +0 pair of boots (worn)
Scrolls
 d - 2 scrolls of identify {unknown}
 g - a scroll of remove curse {unknown}
Potions
 a - a potion of mutation

Dungeon Overview and Level Annotations

Branches:
Dungeon (2/15)

Altars:
Hepliaklqana

Annotations:
D:2 Sigmund

###..#...#.....####
.....##............
###..##)##.....###
# #..##.###...## #
#...^.# ##.##### #
#..##.# #.....#
#..# #.###.# # ...#
#.# #.# .....#
#@###...## #######
#r........
♣).♣#.#### ♣§.♣
♣§♣.. P§♣♣... #.h
..P.. §§§ .♣..♣♣
_.§. . ♣..


You could see a rat.


Message History

Aim: a bat (severely wounded, very poisoned)
The searing ray misses the bat.
The searing ray hits the quokka!
You kill the quokka!
The searing ray hits the kobold!
You kill the kobold!
Your Spellcasting skill increases to level 3! (Press . to maintain the ray.)
You kill the bat!
Something barely misses you. Something hits you.
You finish channeling your searing ray.
Something hits you but does no damage.
You hear some strange, mumbled words.
Something tries to affect you, but you resist.
Something hits you!
Ouch! That really hurt!
* * * LOW HITPOINT WARNING * * *
Things that are here:
a bat corpse; an adder corpse You are too injured to fight recklessly!
You are too injured to fight recklessly!
Unknown command.
It was a potion of mutation.
You feel extremely strange.
Your fingernails lengthen.
You feel your magical essence link to the dungeon's wands.
It was a potion of berserk rage.
A red film seems to cover your vision as you go berserk!
You feel yourself moving faster!
You feel mighty!
The rat twitches its whiskers.
The rat barely misses you. Something hits you.
You die...

Skill      XL: |  1  2  3 |
---------------+----------+-----
Spellcasting   | 3 |  3.0
Dodging        | |  1.7
Stealth        | |  1.7
Conjurations   | |  4.7

Action                   || total
-------------------------++-------
Melee: Dagger            ||    13
       Tailslap          ||     7
       Spear             ||    89
 Cast: Magic Dart        ||    11
       Searing Ray       ||     1
  Use: Potion            ||     2
 Stab: Sleeping          ||     2
Armor: Skin              ||    49
Dodge: Dodged            ||   105

Levels and vault maps discovered:
D:1:      dpeg_arrival_renting, layout_basic, minmay_bisected
D:2:      wad_woods_stonehenge, layout_loops_ring, uniq_sigmund

Notes
Turn   | Place    | Note
-------+----------+-------------------------------------------
     0 | D:1      | Dracia the Draconian Conjurer began the quest for the Orb.
     0 | D:1      | Reached XP level 1. HP: 14/14 MP: 3/3
   185 | D:1      | Reached XP level 2. HP: 20/20 MP: 1/5
   236 | D:1      | Learned a level 2 spell: Searing Ray
   595 | D:1      | Reached XP level 3. HP: 26/26 MP: 7/7
   798 | D:1      | Learned a level 3 spell: Dazzling Flash
   891 | D:2      | Found a hazy altar of Hepliaklqana.
   911 | D:2      | Noticed Sigmund
   926 | D:2      | Reached skill level 3 in Spellcasting
   931 | D:2      | HP: 1/26 [something (13)]
   932 | D:2      | Gained mutation: You have sharp fingernails. [potion of
                  | mutation]
   932 | D:2      | Gained mutation: You expend magic power (3 MP) to
                  | strengthen your wands. [potion of mutation]
   933 | D:2      | Slain by Sigmund

Vanquished Creatures
  An adder (D:2)
  A dart slug (D:1)
  2 leopard geckos (D:1)
  A ball python (D:1)
  7 bats
  3 giant cockroaches (D:1)
  3 goblins
  4 hobgoblins (D:1)
  3 jackals (D:1)
  3 quokkas (D:2)
  A frilled lizard (D:1)
  2 kobolds
  2 rats (D:1)
33 creatures vanquished.

Vanquished Creatures (others)
  30 plants (D:2)
30 creatures vanquished.

Grand Total: 63 creatures vanquished

Table legend: (Time is in decaauts)
 A = Elapsed time spent in this place.
 B = Non-inter-level travel time spent in this place.
 C = Inter-level travel time spent in this place.
 D = Time resting spent in this place.
 E = Time spent auto-exploring this place.
 F = Levels seen in this place.
 G = Mean time per level.
                   A        B        C        D        E       F      G
               +--------+--------+--------+--------+--------+-----+--------+
         Total |    940 |    936 |      4 |      0 |    713 |   2 |  470.0 |
       Dungeon |    940 |    936 |      4 |      0 |    713 |   2 |  470.0 |
               +--------+--------+--------+--------+--------+-----+--------+

Top non-repeatable levels by time:
     D:1: 836 daAuts
     D:2: 103 daAuts

Table legend:
 A = Non-vault XP
 B = Vault XP
 C = Vault XP percentage of total XP
 D = Non-vault monster count
 E = Vault monster count
 F = Vault count percentage of total count
                 A         B        C        D         E       F
            +---------+---------+-------+---------+---------+-------
      Total |      59 |      15 |  20.3 |      25 |       8 |  24.2
            +---------+---------+-------+---------+---------+-------
        D:1 |      42 |       7 |  14.3 |      22 |       4 |  15.4
        D:2 |      17 |       8 |  32.0 |       3 |       4 |  57.1
            +---------+---------+-------+---------+---------+-------
